 Dungeon Crawl Stone Soup version 0.25-a0-667-gb977e01cb5 (webtiles) character file.

Game seed: 2593131491135092719, levelgen mode: deterministic

1742 kae the Destroyer (level 9, -2/45 HPs)
             Began as a Tengu Air Elementalist on Mar 27, 2020.
             Was a Follower of Vehumet.
             Slain by a killer bee (7 damage)
             ... on level 7 of the Dungeon.
             The game lasted 00:07:14 (7584 turns).

kae the Destroyer (Tengu Air Elementalist)          Turns: 7584, Time: 00:07:15

Health: -2/45      AC:  5    Str:  8    XL:     9   Next: 5%
Magic:  15/18      EV: 15    Int: 19    God:    Vehumet [*.....]
Gold:   202        SH:  0    Dex: 15    Spells: 8/18 levels left

rFire    . . .     SeeInvis .   e - +3 whip (vamp)
rCold    . . .     Gourm    .   (no shield)
rNeg     . . .     Faith    .   q - +2 robe {MR+}
rPois    .         Spirit   .   (helmet restricted)
rElec    .         Reflect  .   j - scarf {cloud immunity}
rCorr    .         Harm     .   v - +0 pair of gloves
MR       +....                  (boots unavailable)
Stlth    ++........             (no amulet)
HPRegen  0.15/turn              (no ring)
MPRegen  0.16/turn              (no ring)

@: lethally poisoned (-2 -> -4), flying quickly and evasively, hasted, very
quick
A: beak, talons 3, able to fly
a: Stop Flying, Renounce Religion


You were on level 7 of the Dungeon.
You worshipped Vehumet.
Vehumet was aware of your devotion.
You were hungry.

You visited 2 branches of the dungeon, and saw 8 of its levels.

You collected 202 gold pieces.

Inventory:

Hand Weapons
 e - a +3 vampiric whip (weapon)
 s - a +2 scythe of flaming
Armour
 j - a scarf of cloud immunity (worn)
 q - a +2 robe of magic resistance (worn)
 v - a +0 pair of gloves (worn)
Jewellery
 w - an uncursed amulet of faith
Wands
 o - a wand of acid (8)
Scrolls
 k - a scroll of blinking
 n - 4 scrolls of remove curse
 t - 2 scrolls of teleportation
Potions
 b - 2 potions of lignification
 d - 2 potions of might
 f - 2 potions of stabbing
 g - a potion of berserk rage {unknown}
 h - a potion of degeneration
 i - a potion of curing {unknown}
 l - 2 potions of flight {unknown}
 m - a potion of heal wounds {unknown}
 p - a potion of mutation {unknown}
Comestibles
 c - 9 rations


   Skills:
 - Level 2.1 Dodging
 - Level 2.0 Stealth
 + Level 5.4 Spellcasting
 * Level 10.4 Conjurations
 + Level 8.4 Air Magic


You had 8 spell levels left.
You knew the following spells:

 Your Spells              Type           Power        Failure   Level  Hunger
a - Shock                 Conj/Air       ####         1%          1    None
b - Static Discharge      Conj/Air       #####...     1%          3    ##.....
c - Airstrike             Air            #####.....   3%          4    ####...
d - Swiftness             Chrm/Air       ###.....     3%          2    None

Your spell library contained the following spells:

 Spells                   Type           Power        Failure   Level  Hunger
 Foxfire                  Conj/Fire      ####         1%          1    None
 Lightning Bolt           Conj/Air       #####.....   7%          5    #####..


Dungeon Overview and Level Annotations

Branches:
Dungeon (7/15)             Temple (1/1) D:4

Altars:
Ashenzari
Cheibriados
Dithmenos
Elyvilon
Fedhas
Gozag
Hepliaklqana
Kikubaaqudgha
Makhleb
Nemelex Xobeh
Okawaru
Qazlal
Ru
Sif Muna
Trog
Uskayaw
Vehumet
Xom
Yredelemnul
Zin
The Shining One

Annotations:
D:7 Pikel


Innate Abilities, Weirdness & Mutations

You have a beak for a mouth.
You have claws for feet.
You can fly continuously.


Message History

The crimson imp blinks!
A killer bee comes into view.
You feel sick.
The killer bee buzzes angrily.
The killer bee stings you. The orc misses you. The killer bee stings you!
The killer bee stings you.
* * * LOW HITPOINT WARNING * * *
The killer bee closely misses you.
You feel sick. The killer bee misses you. The killer bee barely misses you.
The killer bee closely misses you.
You feel yourself speed up. The killer bee stings you.
* * * LOW HITPOINT WARNING * * *
The killer bee barely misses you. The killer bee closely misses you.
The killer bee stings you but does no damage.
The killer bee barely misses you. The killer bee closely misses you.
You feel sick. The killer bee closely misses you. x2
The killer bee barely misses you. The killer bee stings you!
You die...

....... .......
....... .......
###############.......
#....#................
#.##<#................
#.####yF.......####+##
#....@yyoo..........
######y........####.
#.............
#.........####
#............
#####'###########
#............
############. #.


You could see a bullfrog, 4 killer bees and 2 orcs.

Vanquished Creatures
  Sigmund (D:5)
  Menkaure (D:7)
  2 ice beasts (D:5)
  A sky beast (D:6)
  A slave (D:7)
  A black bear (D:6)
  A centaur (D:7)
  An ogre (D:6)
  4 bullfrogs
  Blork the orc (D:3)
  A crimson imp (D:6)
  A bullfrog zombie (D:5)
  A hound (D:4)
  2 orc priests
  A jelly (D:7)
  A bullfrog skeleton (D:6)
  An iguana (D:6)
  3 worker ants
  A killer bee zombie (D:5)
  A worker ant zombie (D:5)
  13 adders
  3 shadow imps
  An ooze (D:3)
  An adder skeleton (D:6)
  2 worms
  3 dart slugs
  3 leopard geckos
  9 orcs
  2 giant cockroaches
  11 goblins
  3 hobgoblins
  14 jackals
  4 quokkas
  9 bats
  3 frilled lizards
  12 kobolds
  A quokka skeleton (D:4)
  8 rats
129 creatures vanquished.

Notes
Turn   | Place    | Note
-------+----------+-------------------------------------------
     0 | D:1      | kae the Tengu Air Elementalist began the quest for the Orb.
     0 | D:1      | Reached XP level 1. HP: 10/10 MP: 4/4
   210 | D:1      | Reached skill level 2 in Conjurations
   217 | D:1      | Reached XP level 2. HP: 9/15 MP: 1/6
   704 | D:1      | You fall into a shaft and drop 1 floor!
   716 | D:2      | Reached XP level 3. HP: 19/19 MP: 7/7
   718 | D:2      | Reached skill level 3 in Conjurations
   919 | D:2      | Found an iron altar of Okawaru.
  1209 | D:2      | Found a snail-covered altar of Cheibriados.
  1331 | D:2      | Reached XP level 4. HP: 17/24 MP: 1/8
  2241 | D:3      | Reached skill level 4 in Conjurations
  2603 | D:3      | Reached skill level 5 in Air Magic
  2675 | D:3      | Found an opulent altar of Gozag.
  2777 | D:3      | Gained mutation: You can fly continuously. [Tengu growth]
  2777 | D:3      | Reached XP level 5. HP: 26/28 MP: 8/10
  2933 | D:3      | Noticed Blork the orc
  3092 | D:3      | Killed Blork the orc
  3092 | D:3      | Reached skill level 5 in Conjurations
  3232 | D:3      | Found a shimmering blue altar of Sif Muna.
  3469 | D:3      | Reached XP level 6. HP: 27/32 MP: 4/11
  4016 | D:4      | Learned a level 3 spell: Static Discharge
  4021 | D:4      | Learned a level 4 spell: Airstrike
  4024 | D:4      | Learned a level 2 spell: Swiftness
  4074 | D:4      | Found a staircase to the Ecumenical Temple.
  4132 | Temple   | Entered the Ecumenical Temple
  4297 | Temple   | Became a worshipper of Vehumet
  4405 | D:4      | Reached skill level 6 in Conjurations
  4686 | D:5      | Entered Level 5 of the Dungeon
  4697 | D:5      | Noticed an ice beast
  4743 | D:5      | Noticed Sigmund
  4755 | D:5      | Noticed an ice beast
  4794 | D:5      | Killed Sigmund
  4794 | D:5      | Reached XP level 7. HP: 18/36 MP: 1/13
  4969 | D:5      | Found a burning altar of Makhleb.
  4971 | D:5      | Found an iron altar of Okawaru.
  4971 | D:5      | Found a burning altar of Makhleb.
  4973 | D:5      | Found a shimmering altar of Xom.
  4973 | D:5      | Found a basalt altar of Yredelemnul.
  4973 | D:5      | Found a shadowy altar of Dithmenos.
  5170 | D:5      | Reached skill level 7 in Conjurations
  5951 | D:6      | Reached skill level 8 in Conjurations
  5951 | D:6      | Reached XP level 8. HP: 41/41 MP: 10/15
  6351 | D:6      | Reached skill level 9 in Conjurations
  6453 | D:6      | Found a stormy altar of Qazlal.
  6454 | D:6      | Found a basalt altar of Yredelemnul.
  6459 | D:6      | Noticed a water elemental
  6463 | D:6      | Noticed an air elemental
  6815 | D:6      | Reached skill level 5 in Spellcasting
  7029 | D:7      | Reached skill level 10 in Conjurations
  7032 | D:7      | Reached * piety under Vehumet
  7032 | D:7      | Offered knowledge of Foxfire by Vehumet.
  7240 | D:7      | Noticed Pikel
  7527 | D:7      | Noticed Menkaure
  7529 | D:7      | Killed Menkaure
  7529 | D:7      | Reached XP level 9. HP: 45/45 MP: 9/18
  7584 | D:7      | Slain by a killer bee

Levels and vault maps discovered:
D:1:      minmay_arrival_up_and_down, layout_basic, minivault_4,
          minmay_misc_feat_roman
D:2:      layout_rooms, cheibriados_altar_1, kennysheep_nub, okawaru_gym_becter
D:3:      layout_basic, grunt_gozag_breadcrumbs, minmay_crystal_room,
          corexii_leaking_fountain, tgw_sif
D:4:      layout_loops_ring, minmay_temple_entry_purple_smoke, first_ration,
          kennysheep_doodads, patterned_corridor
D:5:      layout_loops_cross, doesnt_xom_only_xom, uniq_blork_the_orc,
          uniq_sigmund
D:6:      layout_gridville, basic_altar, nicolae_qazlal_style_of_elements
D:7:      layout_basic, lemuel_coloured_pillars_altar, grunt_ogre_cave,
          uniq_joseph, uniq_menkaure, uniq_pikel
Temple:   regret_index_temple_mists

Skill      XL: |  1  2  3  4  5  6  7  8 |
---------------+-------------------------+-----
Conjurations   | 2 3 4 5 6 8 10 | 10.4
Air Magic      | 5 6 7 8 |  8.4
Spellcasting   | 3 4 5 |  5.4
Dodging        | |  2.1
Stealth        | |  2.0

Action                   |  1- 3 |  4- 6 |  7- 9 || total
-------------------------+-------+-------+-------++-------
Melee: Unarmed           |     4 |       |       ||     4
       Peck              |     8 |     8 |    21 ||    37
       Whip              |    73 |    82 |    77 ||   232
       Kick              |     9 |    11 |    26 ||    46
 Cast: Shock             |    41 |    91 |    83 ||   215
       Airstrike         |       |     2 |     4 ||     6
       Static Discharge  |       |       |    13 ||    13
 Abil: Fly               |       |     1 |       ||     1
  Use: Potion            |     1 |       |     1 ||     2
       Scroll            |       |     7 |     3 ||    10
 Stab: Sleeping          |       |     3 |     3 ||     6
  Eat: Chunk             |     2 |    10 |    11 ||    23
Armor: Robe              |    22 |     8 |    25 ||    55
       Skin              |    27 |     1 |       ||    28
Dodge: Dodged            |    53 |    68 |   109 ||   230

Table legend:
 A = Non-vault XP
 B = Vault XP
 C = Vault XP percentage of total XP
 D = Non-vault monster count
 E = Vault monster count
 F = Vault count percentage of total count
                 A         B        C        D         E       F
            +---------+---------+-------+---------+---------+-------
      Total |    2000 |     489 |  19.6 |     125 |       3 |   2.3
            +---------+---------+-------+---------+---------+-------
        D:1 |      41 |       0 |   0.0 |      25 |       0 |   0.0
        D:2 |      54 |       0 |   0.0 |      20 |       0 |   0.0
        D:3 |     149 |      94 |  38.7 |      34 |       1 |   2.9
        D:4 |     136 |       0 |   0.0 |      11 |       0 |   0.0
        D:5 |     422 |     223 |  34.6 |      12 |       1 |   7.7
        D:6 |     850 |       0 |   0.0 |      15 |       0 |   0.0
        D:7 |     348 |     172 |  33.1 |       8 |       1 |  11.1
            +---------+---------+-------+---------+---------+-------
